 Dungeon Crawl Stone Soup version 0.24.0-123-gd5b16e6ec5 (webtiles) character file.

Game seed: 16195319405252951429, levelgen mode: deterministic

944 FishyPogo the Skirmisher (level 7, 0/67 HPs)
             Began as a Demonspawn Chaos Knight on Jan 30, 2020.
             Was a Plaything of Xom.
             Slain by an orc warrior
             ... wielding a +0 trident
              (2 damage)
             ... on level 5 of the Dungeon.
             The game lasted 00:13:21 (3825 turns).

FishyPogo the Skirmisher (Demonspawn Chaos Knight)  Turns: 3825, Time: 00:13:21

Health: 0/67       AC:  8    Str: 19    XL:     7   Next: 88%
Magic:  7/7        EV: 11    Int: 15    God:    Xom [......]
Gold:   354        SH:  5    Dex: 13    Spells: 6/6 levels left

rFire    + . .     SeeInvis .   a - +4 dagger
rCold    . . .     Gourm    .   e - +1 buckler
rNeg     . . .     Faith    .   b - +2 leather armour
rPois    .         Spirit   .   (helmet unavailable)
rElec    .         Reflect  .   (no cloak)
rCorr    .         Harm     .   u - +0 pair of gloves
MR       .....                  (no boots)
Stlth    +.........             (no amulet)
HPRegen  0.21/turn              A - +5 ring of strength
MPRegen  0.10/turn              (no ring)

@: no status effects
A: beak, horns 3, rugged brown scales 2, clever 1, fire resistance 1, robust 1,
MP-powered wands
a: Renounce Religion


You were on level 5 of the Dungeon.
You worshipped Xom.
You were a very special plaything of Xom.
You were not hungry.

You visited 1 branch of the dungeon, and saw 5 of its levels.

You collected 354 gold pieces.

Inventory:

Hand Weapons
 a - a +4 dagger (weapon)
 o - a +1 hand axe of flaming
Missiles
 l - 7 poisoned darts (quivered)
 p - 2 silver boomerangs
 q - 137 stones
 E - 3 javelins
Armour
 b - a +2 leather armour (worn)
 e - a +1 buckler (worn)
 u - a +0 pair of gloves (worn)
Jewellery
 A - a +5 ring of strength (left hand)
Wands
 k - a wand of random effects (19)
 F - a wand of paralysis (5)
Scrolls
 f - a scroll of enchant armour
 g - a scroll of immolation
 i - 2 scrolls of teleportation
 j - 2 scrolls of amnesia
 x - a scroll of enchant weapon
 y - 4 scrolls of identify
 B - a scroll of random uselessness
Potions
 d - 3 potions of brilliance {unknown}
 h - a potion of invisibility {unknown}
 m - 2 potions of curing {unknown}
 n - a potion of heal wounds
 r - 2 potions of haste
 s - a potion of flight {unknown}
 t - a potion of magic
 z - a potion of mutation {unknown}
 D - a potion of degeneration {unknown}
Comestibles
 c - 9 rations
 C - 2 chunks of flesh


   Skills:
 * Level 6.4 Fighting
 + Level 4.3 Short Blades
 - Level 0.3 Axes
 + Level 4.2 Armour
 - Level 1.0 Dodging
 + Level 3.3 Shields


You had 6 spell levels left.
You didn't know any spells.
Your spell library was empty.

Dungeon Overview and Level Annotations

Branches:
Dungeon (5/15)
 Temple: D:4-7

Altars:
Ashenzari
Cheibriados
Dithmenos
Gozag
Kikubaaqudgha
Okawaru
Ru
Sif Muna
Xom
Zin
The Shining One

Annotations:
D:3 Grinder


Innate Abilities, Weirdness & Mutations

You have a pair of large horns on your head.
You are mostly covered in rugged brown scales. (AC +2, +5% HP)
Your flesh is heat resistant. (rF+)
You have a beak for a mouth.
Your mind is acute. (Int +2)
You are robust. (+10% HP)
You expend magic power (3 MP) to strengthen your wands.


Message History

You barely miss the orc warrior. Your headbutt misses the orc warrior.
You peck the orc warrior, but do no damage.
The orc warrior is moderately wounded.
The orc warrior hits you with a +0 trident!
You closely miss the orc warrior. Your headbutt misses the orc warrior.
You peck the orc warrior.
The orc warrior is moderately wounded.
The orc warrior hits you but does no damage.
You hit the orc warrior but do no damage.
You headbutt the orc warrior.
The orc warrior is heavily wounded.
You hit the orc warrior but do no damage.
The orc warrior is heavily wounded.
The orc warrior hits you with a +0 trident!!
* * * LOW HITPOINT WARNING * * *
You hit the orc warrior. You headbutt the orc warrior!
Your peck misses the orc warrior.
The orc warrior is severely wounded.
The orc warrior hits you with a +0 trident.
You die...

##................#...
###...##........##.#
##.#.#.......##.......
#....#........##......
#.......#.............
##.....##.............
###(#..............# .
#....#...[).....##..
##..#....o@.........
####..........#.... ....
####.............. #...
##....##........... ##...
#......##........... #....
###....##.........##.#....
#..##.##.........# ..... #
#######.........##....## #...
###....###....##........######o.o


You could see an orc warrior.

Vanquished Creatures
  Edmund (D:4)
  A phantom (D:2)
  Blork the orc (D:4)
  A scorpion (D:4)
  A crimson imp (D:5)
  A bullfrog zombie (D:5)
  A hound (D:5)
  Ijyb (D:5)
  2 iguanas (D:4)
  Natasha (D:3)
  An orc wizard (D:3)
  2 worker ants
  5 adders
  An adder skeleton (D:4)
  3 worms
  2 dart slugs
  3 leopard geckos
  17 orcs
  11 giant cockroaches
  7 goblins
  6 hobgoblins
  A jackal (D:3)
  8 bats
  5 frilled lizards
  A jackal skeleton (D:4)
  9 kobolds
  A leopard gecko skeleton (D:4)
  A quokka skeleton (D:4)
  13 rats
108 creatures vanquished.

Vanquished Creatures (collateral kills)
  Duvessa (D:4)
  Dowan (D:4)
  An orc priest (D:4)
  2 orc wizards (D:4)
  A worker ant (D:2)
  A hound skeleton (D:4)
  4 gnolls (D:2)
  An adder (D:2)
  2 worms (D:2)
  2 orcs (D:4)
  2 bats
  A frilled lizard (D:2)
  3 kobolds (D:2)
22 creatures vanquished.

Vanquished Creatures (others)
  A worm (D:3)
1 creature vanquished.

Grand Total: 131 creatures vanquished

Notes
Turn   | Place    | Note
-------+----------+-------------------------------------------
     0 | D:1      | FishyPogo the Demonspawn Chaos Knight began the quest for
                  | the Orb.
     0 | D:1      | Reached XP level 1. HP: 18/18 MP: 1/1
    58 | D:1      | XOM: harmless Erth miscast
   108 | D:1      | Reached skill level 1 in Dodging
   108 | D:1      | XOM: mild Erth miscast
   125 | D:1      | XOM: divination: magic mapping
   178 | D:1      | Gained mutation: You are partially covered in rugged brown
                  | scales. (AC +1, +3% HP) [demonic ancestry]
   178 | D:1      | Reached XP level 2. HP: 16/24 MP: 2/2
   508 | D:1      | XOM: give mutations
   508 | D:1      | Gained mutation: You are robust. (+10% HP) [Xom's grace]
   508 | D:1      | Gained mutation: You expend magic power (3 MP) to
                  | strengthen your wands. [Xom's grace]
   614 | D:1      | XOM: 9-stop teleportation journey
   780 | D:1      | XOM: cloud trail
   886 | D:2      | Gained mutation: You have a pair of small horns on your
                  | head. [demonic ancestry]
   886 | D:2      | Reached XP level 3. HP: 31/32 MP: 3/3
   924 | D:2      | Noticed a phantom
   940 | D:2      | XOM: summons 3 friendly demons
   971 | D:2      | XOM: enchant monster (good)
   972 | D:2      | Killed a phantom
   972 | D:2      | Reached skill level 4 in Fighting
   972 | D:2      | Reached skill level 1 in Shields
   972 | D:2      | Gained mutation: You are mostly covered in rugged brown
                  | scales. (AC +2, +5% HP) [demonic ancestry]
   972 | D:2      | Reached XP level 4. HP: 24/42 MP: 4/4
  1137 | D:2      | Reached XP level 5. HP: 48/48 MP: 5/5
  1287 | D:2      | XOM: give mutations
  1287 | D:2      | Gained mutation: You have a pair of horns on your head.
                  | [Xom's grace]
  1287 | D:2      | Gained mutation: You have a pair of large horns on your
                  | head. [Xom's grace]
  1287 | D:2      | Gained mutation: You have a beak for a mouth. [Xom's grace]
  1287 | D:2      | Gained mutation: Your mind is acute. (Int +2) [Xom's grace]
  1473 | D:2      | XOM: 4-stop teleportation journey
  1873 | D:3      | Noticed Natasha
  1877 | D:3      | Killed Natasha
  1877 | D:3      | Gained mutation: Your flesh is heat resistant. (rF+)
                  | [demonic ancestry]
  1877 | D:3      | Reached XP level 6. HP: 53/56 MP: 6/6
  2252 | D:3      | Noticed Grinder
  2292 | D:4      | XOM: scenery: create altars
  2343 | D:4      | Noticed Duvessa
  2343 | D:4      | Noticed Dowan
  2353 | D:4      | Killed Duvessa
  2353 | D:4      | Reached skill level 5 in Fighting
  2359 | D:4      | Killed Dowan
  2426 | D:4      | Found a sacrificial altar of Ru.
  2538 | D:4      | Reached XP level 7. HP: 57/64 MP: 7/7
  2726 | D:4      | Found a snail-covered altar of Cheibriados.
  2727 | D:4      | Found a glowing silver altar of Zin.
  2729 | D:4      | Found an ancient bone altar of Kikubaaqudgha.
  2731 | D:4      | Found a shimmering altar of Xom.
  2732 | D:4      | Found a shimmering blue altar of Sif Muna.
  2732 | D:4      | Found an iron altar of Okawaru.
  2733 | D:4      | Found a glowing golden altar of the Shining One.
  2734 | D:4      | Found an opulent altar of Gozag.
  2735 | D:4      | Found a shadowy altar of Dithmenos.
  2736 | D:4      | Found a shattered altar of Ashenzari.
  2769 | D:4      | Noticed Edmund
  2778 | D:4      | XOM: summons 7 friendly demons
  2786 | D:4      | Killed Edmund
  2981 | D:5      | Entered Level 5 of the Dungeon
  3011 | D:5      | Reached skill level 6 in Fighting
  3073 | D:5      | Noticed Blork the orc
  3079 | D:5      | XOM: noise
  3106 | D:4      | Killed Blork the orc
  3327 | D:5      | XOM: summons friendly iron imp
  3329 | D:5      | XOM: fog
  3341 | D:4      | XOM: confusion (+ monsters)
  3675 | D:5      | Noticed Ijyb
  3692 | D:5      | Killed Ijyb
  3824 | D:5      | HP: 2/67 [orc warrior/+0 trident (19)]
  3825 | D:5      | Slain by an orc warrior

Levels and vault maps discovered:
D:1:      dpeg_arrival_tiny_j, layout_basic, nrook_uturn
D:2:      layout_basic, minmay_box_of_dots
D:3:      minmay_bubble_buster, layout_rooms, first_ration,
          chequers_serial_rivers_micro_d, uniq_grinder, uniq_natasha
D:4:      layout_loops_corners, nicolae_ru_great_annihilating_truth, minitemple,
          uniq_edmund, uniq_duvessa
D:5:      layout_cave_pools, uniq_ijyb, uniq_blork_the_orc, uniq_sigmund

Skill      XL: |  1  2  3  4  5  6  7 |
---------------+----------------------+-----
Dodging        | 1 |  1.0
Armour         | 2 3 4 |  4.2
Fighting       | 4 5 6 |  6.4
Short Blades   | 3 4 |  4.3
Shields        | 1 2 3 |  3.3
Axes           | |  0.3

Action                   |  1- 3 |  4- 6 |  7- 9 || total
-------------------------+-------+-------+-------++-------
Melee: Short sword       |    97 |   232 |   109 ||   438
       Headbutt          |     3 |    45 |    39 ||    87
       Peck              |       |    37 |    32 ||    69
       Dagger            |       |       |    24 ||    24
Throw: Dart              |     1 |     4 |     1 ||     6
       Stone             |       |     5 |       ||     5
  Use: Scroll            |       |     8 |     2 ||    10
       Potion            |       |     1 |     1 ||     2
 Stab: Confused          |     1 |       |       ||     1
       Distracted        |       |     2 |       ||     2
       Paralysed         |       |     1 |       ||     1
  Eat: Chunk             |       |     6 |     4 ||    10
Armor: Leather armour    |    21 |     9 |     2 ||    32
       Ring mail         |       |    77 |    39 ||   116
Dodge: Dodged            |    42 |    98 |    49 ||   189
Block: Buckler           |    11 |    27 |    42 ||    80
